[Event "*** Titled Tuesday Blitz"]
[Site "Chess.com"]
[Date "2018.04.03"]
[Round "10"]
[White "nickmatta"]
[Black "codapbg94"]
[Result "1-0"]
[WhiteElo "2302"]
[BlackElo "2081"]
[TimeControl "180+2"]
[EndTime "15:17:59 PDT"]
[Termination "nickmatta won on time"]

1. d4 Nf6 2. c4 d6 3. Nf3 Nbd7 4. Nc3 c6 5. e4 e5 6. Be2 Be7 7. O-O O-O 8. Re1 a6 9. Bf1 b5 10. d5 cxd5 11. cxd5 Ne8 12. Be3 Nb6 13. a4 Nc4 14. Bc1 b4 15. Bxc4 bxc3 16. bxc3 Bg4 17. Be2 Bxf3 18.
Bxf3 Bg5 19. Ba3 f5 20. exf5 Rxf5 21. Bg4 Rf4 22. Be6+ Kh8 23. Qd3 Qf6 24. Bc1 Rh4 25.
Bxg5 Qxg5 26. Re4 Rxe4 27. Qxe4 Nc7 28. Bh3 a5 29. g3 Na6 30. Rb1 Nc5 31. Qc4 g6 32.
Bg2 Qf5 33. Rb6 Rf8 34. Qe2 Qd7 35. Qb5 Qf7 36. Qe2 Nxa4 37. Rxd6 Nxc3 38. Qd2 Nb1 39. Qb2 Nc3 40. f4 Nd1 41. Qxe5+ Kg8 42. Bh3 Qa7+ 43.
Kh1 Nf2+ 44. Kg2 Nxh3 45. Kxh3 a4 46. Qe6+ Qf7 47. Qxf7+ Rxf7 48. Ra6 Rd7 49. d6 a3 50. Kg4 a2 51. Kg5 a1=Q 52. Rxa1 Rxd6 53. Ra7 Rd5+ 54. Kg4 Rf5 55. Kf3 Rf8 56. h3 Rf6 57. g4 Rf8 58. Ke4 Re8+ 59. Kd5 Rd8+ 60. Ke5 Re8+ 61. Kf6 Rf8+ 62.
Kg5 Kh8 63. h4 Kg8 64. Rc7 Kh8 65. Re7 Kg8 66. f5 gxf5 67. gxf5 Kh8 68. f6 Kg8 69. h5 Kh8 70. h6 Kg8 71. Kf5 1-0

[Event "*** Titled Tuesday Blitz"]
[Site "Chess.com"]
[Date "2018.04.03"]
[Round "10"]
[White "julinha97"]
[Black "comedy_of_errors"]
[Result "1/2-1/2"]
[WhiteElo "2258"]
[BlackElo "2426"]
[TimeControl "180+2"]
[EndTime "15:18:05 PDT"]
[Termination "Game drawn by agreement"]

1. d4 Nf6 2. c4 g6 3. Nc3 Bg7 4. Nf3 d6 5. Bg5 O-O 6. e3 Bf5 7. Be2 Nbd7 8. O-O c5 9. h3 h6 10.
Bf4 Qb6 11. g4 Be4 12. Nd2 g5 13. Ndxe4 Nxe4 14. Nd5 Qd8 15. Bh2 Nb6 16. Bf3 Nxd5 17. Bxe4 Nf6 18. Bg2 cxd4 19. exd4 Rc8 20. Rc1 b6 21. f4 Nh7 22. Be4 e6 23. Bb1 Re8 24. Qd3 Nf8 25. fxg5 hxg5 26. Rf2 d5 27. b3 dxc4 28.
bxc4 Qxd4 29. Qf3 Re7 30. Rd1 Qxc4 31. Bd6 Rd7 32. Bd3 Qc6 33. Be4 Qa4 34. Rfd2 Rcd8 35.
Bc6 Rxd6 36. Rxd6 Bd4+ 37. R1xd4 Qxd4+ 38. Rxd4 Rxd4 39. Qe3 Rd1+ 40. Kf2 f6 41. Be4 Kf7 42. Qb3 Rd7 43. Ke3 Rc7 44. Bf5 Ke7 45. Bd3 Nd7 46. Bc4 Nc5 47. Qb2 Rd7 48. Be2 Rd5 49. Qc2 Re5+ 50. Kf2 Ne4+ 51. Kg2 f5 52. gxf5 exf5 53. Bf3 Kf6 54. Qc6+ Re6 55. Qd7 Nc5 56. Qd8+ Kg6 57. Qg8+ Kf6 58. Bh5 Ne4 59. Qf7+ Ke5 60. Bg6 Rf6 61.
Qc7+ Kd4 62. Qd8+ Ke5 63. Qe7+ Kf4 64. Qc7+ Ke3 65. Be8 Rd6 66. Bc6 Rd2+ 67. Kg1 Rd1+ 68. Kg2 Rd2+ 69. Kg1 Rd1+ 70. Kg2 Rc1 71. Qd7 Rc2+ 72.
Kg1 Rc1+ 73. Kg2 Rc2+ 74. Kg1 1/2-1/2

[Event "*** Titled Tuesday Blitz"]
[Site "Chess.com"]
[Date "2018.04.03"]
[Round "10"]
[White "DACF2905"]
[Black "RandomOracle"]
[Result "1/2-1/2"]
[WhiteElo "2050"]
[BlackElo "2147"]
[TimeControl "180+2"]
[EndTime "15:18:08 PDT"]
[Termination "Game drawn by repetition"]

1. e4 c6 2. d4 d5 3. Nc3 dxe4 4.
Nxe4 Nd7 5. Nf3 Ngf6 6. Ng3 e6 7. Bd3 Qc7 8. O-O Be7 9. c3 O-O 10. Re1 c5 11. Bg5 cxd4 12. cxd4 h6 13. Bd2 Nb6 14.
Rc1 Qd6 15. b3 Bd7 16. Bc3 Rac8 17. Qd2 Nbd5 18. Bb2 a6 19. Bb1 Qf4 20. Qxf4 Nxf4 21. Ne5 Bb4 22. Nxd7 Nxd7 23. Rxc8 Rxc8 24. Rc1 Rxc1+ 25.
Bxc1 Nd5 26. Be4 N7f6 27. Bf3 Bc3 28. Be3 b5 29. Ne4 Nxe4 30. Bxe4 Kf8 31. Kf1 Ke7 32. Ke2 g5 33. Bxd5 exd5 34. Kd3 Bb2 35. a4 Kd6 36. Bd2 bxa4 37. Bb4+ Kc6 38. bxa4 Bc1 39. g4 Bf4 40. h3 Bd6 41. Ba5 Bc7 42. Bxc7 Kxc7 43. Kc3 Kb6 44. Kb4 a5+ 45. Kc3 Kc6 46. Kd3 Kd6 47. Ke3 Ke6 48.
Kf3 f5 49. Kg3 Kf6 50. f4 Kg6 51. fxg5 hxg5 52. gxf5+ Kxf5 53. Kf3 Kf6 54. Kg3 Kf5 55. Kf3 Kf6 56. Kf2 Ke6 57. Kg3 Kf6 58. Kg2 Kf5 59. Kf3 Kf6 60. Kg3 Kf5 61. Kf3 Kf6 62. Kg4 Kg6 63.
Kg3 Kf5 64. Kf3 1/2-1/2

[Event "*** Titled Tuesday Blitz"]
[Site "Chess.com"]
[Date "2018.04.03"]
[Round "10"]
[White "Vadim_Biliy"]
[Black "guillembaches"]
[Result "1/2-1/2"]
[WhiteElo "2098"]
[BlackElo "2207"]
[TimeControl "180+2"]
[EndTime "15:18:22 PDT"]
[Termination "Game drawn - insufficient material"]

1. d4 Nf6 2. Nf3 e6 3. e3 c5 4.
Be2 b6 5. O-O Bb7 6. b3 Be7 7. Bb2 O-O 8. c4 d6 9. Nc3 Nbd7 10. d5 e5 11. e4 g6 12. Ne1 Re8 13. Nd3 Bf8 14. b4 cxb4 15. Nxb4 Rc8 16. a4 Nc5 17. f3 Nh5 18. Nd3 Bh6 19. Bc1 Bxc1 20.
Rxc1 Nxd3 21. Bxd3 Ba6 22. Nb5 Bxb5 23. cxb5 Qg5 24.
Rc6 Nf4 25. g3 h5 26. Kh1 Nh3 27. Kg2 Nf4+ 28. Kh1 Nh3 29. Bc4 Rcd8 30. Qc1 f5 31.
Qxg5 Nxg5 32. h4 Nh7 33. Bd3 Rf8 34. Kg2 Rf7 35. exf5 gxf5 36. f4 e4 37. Be2 Nf6 38. Rfc1 Rdd7 39. Rc8+ Kg7 40. Ra8 Nxd5 41. Rcc8 Kf6 42.
Kf2 Rg7 43. Bc4 Nc7 44. Rf8+ Ke7 45. Rab8 d5 46. Be2 Ke6 47. Bxh5 d4 48. g4 fxg4 49.
f5+ Ke5 50. f6 Rh7 51. Bxg4 Rdf7 52. h5 Nd5 53. Rbe8+ Kf4 54. Rxf7 Rxf7 55. Be6 e3+ 56. Ke2 Nc3+ 57. Kd3 Rxf6 58. Bc4 e2 59. Kxd4 Nxa4 60. Bxe2 Nc5 61. Kd5 Rf5+ 62. Kc6 Na4 63. h6 Rf6+ 64.
Kb7 Rxh6 65. Kxa7 Nc5 66. Bc4 Rd6 67. Bg8 Nd7 68. Kb7 Ne5 69. Kc7 Rf6 70. Be6 Ke4 71.
Kxb6 Kd4 72. Kc7 Nc4 73. b6 Nxb6 74. Kxb6 Rh6 75. Kc6 Ke5 76. Kd7 Rh7+ 77. Bf7+ Kf6 78. Re6+ Kxf7 79. Re7+ Kg8 80. Rxh7 Kxh7 1/2-1/2

[Event "*** Titled Tuesday Blitz"]
[Site "Chess.com"]
[Date "2018.04.03"]
[Round "10"]
[White "Doraemon7"]
[Black "ruvat"]
[Result "0-1"]
[WhiteElo "2418"]
[BlackElo "2304"]
[TimeControl "180+2"]
[EndTime "15:18:23 PDT"]
[Termination "ruvat won by resignation"]

1. d4 d6 2. Nf3 g6 3. e4 Bg7 4. c4 Bg4 5. Be2 Nc6 6. Ng1 Bc8 7. Nf3 Bg4 8. Ng1 Bc8 9. Be3 e5 10.
Nf3 Bg4 11. Ng1 Bc8 12. d5 Nd4 13. Nf3 Nxe2 14. Qxe2 Nf6 15. Nc3 O-O 16. c5 Ng4 17. Bg5 f6 18. Bd2 Nh6 19. Rc1 Nf7 20. b4 f5 21. O-O f4 22. cxd6 Nxd6 23. Nb5 Rf7 24. Nxd6 cxd6 25. Ne1 g5 26. f3 Bf8 27. Nd3 Rg7 28.
g4 fxg3 29. hxg3 h5 30. Kg2 Bd7 31. Rh1 Qe8 32. Nb2 Bb5 33. Nc4 Rc8 34. a4 Bxa4 35.
Ne3 Bd7 36. Ra1 a6 37. Rac1 Rxc1 38. Rxc1 Qd8 39. Rh1 Rh7 40. Nc2 Be7 41. Qc4 h4 42.
g4 Rf7 43. Ne3 Bb5 44. Qc3 Bd7 45. Kh3 Qb6 46. Rf1 Rf8 47. Nc4 Qc7 48. Rc1 Rc8 49. Qb2 Qd8 50. Na5 Rxc1 51. Qxc1 Qf8 52. Qc3 Bb5 53.
Nxb7 Bf1+ 54. Kh2 h3 55. Na5 Kh7 56. Nc6 Bf6 57. Qe3 Qh6 58. Qa7+ Kg6 59. Qf2 Bg2 60. Qg3 Qf8 61. Qf2 Qc8 62. Qb6 Qg8 63. Be3 Qf8 64.
Bf2 Qg8 65. Qe3 Qf8 66. Na5 Qc8 67. Nb3 Qc2 68. Nd2 Qc1 69. Nf1 Qxf1 70. Kg3 h2 0-1

[Event "*** Titled Tuesday Blitz"]
[Site "Chess.com"]
[Date "2018.04.03"]
[Round "10"]
[White "nochewycandy"]
[Black "ajkom197"]
[Result "0-1"]
[WhiteElo "2063"]
[BlackElo "2382"]
[TimeControl "180+2"]
[EndTime "15:18:29 PDT"]
[Termination "ajkom197 won by resignation"]

1. c4 c6 2. g3 d5 3. Bg2 Nf6 4. Nf3 Bf5 5. cxd5 cxd5 6. Qb3 Nc6 7.
Qxb7 Bd7 8. Qb3 e5 9. d3 Bd6 10. O-O O-O 11. Bg5 Be6 12. Qa4 Qd7 13. Bxf6 gxf6 14. Nc3 Rab8 15. Rab1 Rb4 16. Qd1 Rfb8 17.
Qd2 Qb7 18. b3 Bf8 19. Ne1 Nd4 20. e3 Nf5 21. Nc2 Rb6 22. Qe2 Qd7 23. Rbc1 Rc6 24. Nb1 Rbc8 25. Qd2 R6c7 26. Nca3 d4 27. Nc4 Bh6 28.
Rce1 Bxc4 29. bxc4 Qa4 30. Bh3 Nxe3 31. fxe3 dxe3 32. Rxe3 Qc6 33. Qf2 Bxe3 34. Qxe3 Rb8 35. Nc3 Rb2 36. Nd5 Qc5 37. Nxf6+ Kg7 38. Qxc5 Rxc5 39.
Nd7 Ra5 40. a4 Ra2 41. Bf5 R2xa4 42. Be4 Ra1 43. Rxa1 Rxa1+ 44. Kg2 a5 45. c5 a4 46.
c6 Rc1 47. Bd5 a3 48. Nxe5 Kf6 49. Nd7+ Ke7 50. Ne5 f6 51. Nf3 Kd6 52. Bb3 a2 53. Bxa2 Rc2+ 54. Kh3 Rxa2 55. Nd4 Ra4 56. Nb5+ Kxc6 57.
Nc3 Ra6 58. Kg4 Kd6 59. Kf5 Ke7 60. d4 Kf7 61. d5 Ra3 62. Ne4 Rf3+ 63. Kg4 Rd3 64. d6 Rd5 65. Kf4 Ke6 66. d7 Ke7 67.
h4 Rxd7 68. g4 Kf7 69. Kf5 Rd5+ 70. Kf4 Ra5 71. Ng3 Kg6 72. h5+ Kf7 73. Ne4 Ra4 74.
Kf5 Ra5+ 75. Kf4 Re5 76. Ng3 Ke6 77. Ne4 h6 78. Ng3 Rg5 79. Nf5 Rxf5+ 80. gxf5+ Kd5 81. Ke3 Ke5 82. Kf3 Kxf5 83. Kg3 Kg5 84. Kf3 Kxh5 85. Kf4 Kg6 86. Kg4 f5+ 87. Kf4 Kf6 88. Kf3 Kg5 89.
Kg3 f4+ 90. Kf3 h5 91. Kg2 Kg4 92. Kf2 h4 93. Kg1 Kg3 94. Kh1 f3 95. Kg1 f2+ 96. Kf1 h3 0-1